[Event "*** Titled Tuesday Blitz"]
[Site "Chess.com"]
[Date "2020.04.21"]
[Round "2"]
[White "GMHess"]
[Black "Kouzari"]
[Result "1-0"]
[WhiteElo "2868"]
[BlackElo "2587"]
[TimeControl "180+1"]
[EndTime "10:19:15 PDT"]
[Termination "GMHess won by resignation"]

1. b3 d5 2. Bb2 c6 3. Nf3 Nf6 4. e3 Bf5 5. d3 e6 6. Nbd2 h6 7. h3 Be7 8. g4 Bh7 9. Qe2 a5 10. a3 a4 11. b4 c5 12. bxc5 Bxc5 13. g5 hxg5 14. Nxg5 Bg6 15. Rg1 Qe7 16. Ndf3 Nc6 17. d4 Bb6 18. Ne5 Ba5+ 19. Kd1 Nxe5 20. dxe5 Nd7 21.
Qb5 Qc5 22. Qxc5 Nxc5 23. Bb5+ Ke7 24. Bd4 Rac8 25. Ra2 Ne4 26. Nxe4 Bxe4 27. Bxa4 Rxh3 28. Rb2 b6 29. Bxb6 Bc3 30. Rb5 Bxe5 31. Bc5+ Kf6 32. f4 Bc3 33. Kc1 Rxc5 34. Rxc5 Rxe3 35. Rc7 Bd4 36.
Rd1 Bb6 37. Rb7 Rxa3 38. Be8 Ra1+ 39. Kd2 Ba5+ 40. Ke2 Rxd1 41. Rxf7+ Kg6 42. Kxd1 Kh6 43. Re7 Bf3+ 44. Kc1 Bg4 45. Bd7 Bb4 46. Re8 Bd6 47. Bxe6 Kh5 48. Bxg4+ Kxg4 49. Rd8 Bxf4+ 50. Kd1 g5 51.
Rxd5 Kf3 52. Rd3+ Ke4 53. Ke2 g4 54. Kf2 g3+ 55. Kg2 Be5 56. Rd8 Bc7 57. Rd3 Be5 58. Kf1 Bf4 59. Ke2 Be5 60. Re3+ Kd5 61. Rf3 g2 62.
Kf2 Kc4 63. Kxg2 Bd4 64. Kf1 Bc5 65. Ke2 Bd4 66. Kd2 Be5 67. Rd3 Bd4 68. Kc1 Be5 69.
Kb1 Bc3 70. Ka2 Bb4 71. Kb2 Bc5 72. Rf3 Bd4+ 73. c3 Bc5 74. Kc2 Bd6 75. Rh3 Kd5 76.
Kd3 1-0

[Event "*** Titled Tuesday Blitz"]
[Site "Chess.com"]
[Date "2020.04.21"]
[Round "2"]
[White "abhidabhi"]
[Black "Joshukid"]
[Result "1-0"]
[WhiteElo "2829"]
[BlackElo "2573"]
[TimeControl "180+1"]
[EndTime "10:19:15 PDT"]
[Termination "abhidabhi won by resignation"]

1. Nf3 Nf6 2. g3 d5 3. Bg2 e6 4. O-O Be7 5. c4 O-O 6. b3 c5 7. Bb2 Nc6 8. cxd5 Nxd5 9. d4 cxd4 10. Nxd4 Nxd4 11. Qxd4 Bf6 12. Qd2 Bxb2 13. Qxb2 Bd7 14.
Rd1 Bc6 15. Bxd5 exd5 16. Na3 Re8 17. Rd2 Qg5 18. Rad1 Rad8 19. Nc2 Rd6 20. Nd4 Rh6 21. Qc3 Qh5 22. h4 Rg6 23. Kf1 Qg4 24. Qf3 Qh3+ 25. Qg2 Qg4 26. Rc1 Rf6 27. Kg1 h6 28. Rc3 g5 29.
Rf3 Rxf3 30. Qxf3 Qxf3 31. Nxf3 f6 32. hxg5 hxg5 33. Nd4 Kf7 34. f3 Bd7 35. Kf2 Rh8 36.
Rc2 Ke7 37. Rc7 Rb8 38. g4 Kd6 39. Rc1 Rh8 40. Ke3 a6 41. b4 Rh7 42. a3 Rh8 43. Nb3 Bxg4 44. Nc5 Bc8 45. Rd1 g4 46. fxg4 Rh3+ 47.
Kf4 Rxa3 48. e4 Be6 49. Nxb7+ Kc6 50. Nd8+ Kd7 51. Nxe6 Kxe6 52. exd5+ Kd6 53. Ke4 Ra2 54. Rf1 Ke7 55. Kf5 Rd2 56. Kg6 Rxd5 57. Rxf6 a5 58.
bxa5 Rxa5 59. g5 Ra2 60. Kg7 Rg2 61. g6 Rg1 62. Rf3 Ke6 63. Kh7 Rh1+ 64. Kg8 Rg1 65. g7 Ke7 66. Re3+ Kd8 67. Re4 Rg4 68. Rxg4 1-0

[Event "*** Titled Tuesday Blitz"]
[Site "Chess.com"]
[Date "2020.04.21"]
[Round "2"]
[White "LucaBrasi1968"]
[Black "JakubPulpan"]
[Result "1/2-1/2"]
[WhiteElo "2501"]
[BlackElo "2702"]
[TimeControl "180+1"]
[EndTime "10:19:15 PDT"]
[Termination "Game drawn by stalemate"]

1. d4 Nf6 2. Nf3 d5 3. c4 e6 4.
cxd5 exd5 5. Nc3 c6 6. Bg5 Be7 7. e3 h6 8. Bh4 O-O 9. Bd3 Re8 10. Bg3 Nbd7 11. h3 Qb6 12. Qc2 Nf8 13. O-O a5 14. a3 Be6 15. Na4 Qd8 16. Nc5 Bxc5 17. Qxc5 N8d7 18.
Qc2 Ne4 19. Bh2 Ndf6 20. Ne5 Nd6 21. b4 Rc8 22. Rfb1 Nd7 23. Nxd7 Qxd7 24. Bxd6 Qxd6 25. bxa5 Qc7 26. Qc3 Ra8 27. Qb4 Re7 28. a6 bxa6 29. Qb6 a5 30. Qxc7 Rxc7 31. Rb6 c5 32. dxc5 Rxc5 33. Rab1 g5 34. Rb8+ Rxb8 35. Rxb8+ Kg7 36. Rb5 Rc3 37. Be2 Rxa3 38. Bf3 d4 39. exd4 Ra1+ 40.
Kh2 Bc4 41. Rc5 Bb3 42. d5 Kf6 43. Rc6+ Ke5 44. d6 Be6 45. Bg4 f5 46. Bf3 a4 47.
Ra6 a3 48. g4 a2 49. gxf5 Bxf5 50. Bg4 Be6 51. Bxe6 Kxe6 52. Kg2 Kd7 53. Kh2 Kc8 54. Kg2 Kd8 55. Kh2 Kd7 56. Kg2 Rd1 57. Rxa2 Rxd6 58. Re2 Re6 59. Rxe6 Kxe6 60. Kg3 Kf5 61. h4 g4 62. f3 gxf3 63. Kxf3 h5 64. Kg3 Ke4 65.
Kg2 Kf4 66. Kh1 Kf3 67. Kg1 Kg4 68. Kh1 Kxh4 69. Kg1 Kg4 70. Kh1 h4 71. Kg1 Kg3 72.
Kh1 h3 73. Kg1 Kf3 74. Kh1 Kg4 75. Kg1 Kh4 76. Kh1 Kg3 77. Kg1 h2+ 78. Kh1 Kh3 1/2-1/2

[Event "*** Titled Tuesday Blitz"]
[Site "Chess.com"]
[Date "2020.04.21"]
[Round "2"]
[White "Ranindu2003"]
[Black "lilleper1"]
[Result "0-1"]
[WhiteElo "2506"]
[BlackElo "2726"]
[TimeControl "180+1"]
[EndTime "10:19:16 PDT"]
[Termination "lilleper1 won by checkmate"]

1. e4 c5 2. Nf3 d6 3. d4 cxd4 4. Nxd4 Nf6 5. Nc3 a6 6. Be3 e5 7. Nb3 Be6 8. f3 h5 9. Nd5 Bxd5 10. exd5 g6 11. Qd2 Nbd7 12. Be2 Bg7 13. O-O b6 14. Rac1 O-O 15. c4 Re8 16. h3 Qc7 17. g4 a5 18. Na1 e4 19. f4 Nc5 20. f5 hxg4 21.
hxg4 Nd3 22. Rcd1 Qxc4 23. g5 Nxd5 24. f6 Bf8 25. b3 Qc3 26. Nc2 Qxd2 27. Rxd2 Nxe3 28.
Nxe3 Re5 29. Bxd3 Rxg5+ 30. Kf2 exd3 31. Rxd3 Rc8 32. Rh1 Rcc5 33. Rd4 Rh5 34. Rxh5 Rxh5 35. Nd5 b5 36. Kg3 Re5 37. a4 b4 38. Nb6 Re3+ 39.
Kg4 Rxb3 40. Nd7 Re3 41. Rc4 Re8 42. Rc7 b3 43. Rb7 Rd8 44. Nxf8 Kxf8 45. Rxb3 d5 46. Rd3 d4 47. Kf4 Rd6 48. Ke5 Rd7 49. Ke4 Ke8 50. Rh3 Kd8 51. Rh8+ Kc7 52. Kd3 Kd6 53. Ra8 Ke6 54.
Rxa5 Kxf6 55. Ra6+ Kf5 56. a5 g5 57. Ra8 Rd5 58.
a6 g4 59. a7 Ra5 60. Kxd4 Kf4 61. Kd3 f5 62. Ke2 g3 63. Kf1 Kf3 64. Rf8 Ra1# 0-1

[Event "*** Titled Tuesday Blitz"]
[Site "Chess.com"]
[Date "2020.04.21"]
[Round "2"]
[White "DonPreuss"]
[Black "Flawless_Fighter"]
[Result "1/2-1/2"]
[WhiteElo "2217"]
[BlackElo "2548"]
[TimeControl "180+1"]
[EndTime "10:19:18 PDT"]
[Termination "Game drawn by stalemate"]

1. d4 Nf6 2. Nc3 d5 3. e4 dxe4 4. f3 exf3 5. Nxf3 e6 6. Bd3 Nc6 7. a3 Be7 8. Be3 O-O 9. O-O Ng4 10. Bd2 Nxd4 11. Qe1 Qd6 12. Qg3 Qxg3 13. hxg3 c5 14. Nxd4 cxd4 15. Nb5 e5 16. Rae1 Rd8 17. Bc4 Be6 18.
Bxe6 fxe6 19. Nc7 Rac8 20. Nxe6 Rd6 21. Ng5 Rxc2 22. Ne4 Rdc6 23. Bb4 Bxb4 24. axb4 Rxb2 25. Nc5 Rxb4 26. Nd7 h6 27. Rf8+ Kh7 28. Rd8 Rd6 29.
Nf8+ Kg8 30. Rxd6 Kxf8 31. Rf1+ Kg8 32. Rd8+ Kh7 33. Rdf8 Ne3 34. R1f2 Rb1+ 35. Kh2 Ng4+ 36. Kh3 Nxf2+ 37. Rxf2 h5 38. Kh4 Kh6 39. g4 g5+ 40. Kg3 h4+ 41. Kf3 Re1 42. Rc2 Re3+ 43. Kf2 Re4 44. Rc7 Rf4+ 45. Ke2 Rxg4 46. Re7 Rxg2+ 47. Kf3 Rg3+ 48. Ke4 Re3+ 49. Kf5 Rf3+ 50. Ke4 Rf4+ 51. Kxe5 Kh5 52. Rxb7 Kg4 53. Rxa7 h3 54. Rh7 Kg3 55.
Rg7 g4 56. Rc7 h2 57. Rc1 Rf2 58. Rb1 Kg2 59. Kxd4 Rf1 60. Rb2+ Rf2 61. Rb1 h1=Q 62. Rb3 Rf3 63. Rb2+ Kg3 64. Rd2 Qe1 65. Rb2 Qe3+ 66.
Kc4 Rf4+ 67. Kd5 Qd3+ 68. Ke5 Qc3+ 69. Ke6 Qxb2 70. Ke7 Qe2+ 71. Kd6 Rd4+ 72. Kc5 Rd1 73. Kb4 Qc2 74. Ka3 Rb1 1/2-1/2

[Event "*** Titled Tuesday Blitz"]
[Site "Chess.com"]
[Date "2020.04.21"]
[Round "2"]
[White "Andreikka"]
[Black "vovachesss"]
[Result "0-1"]
[WhiteElo "2947"]
[BlackElo "2620"]
[TimeControl "180+1"]
[EndTime "10:19:19 PDT"]
[Termination "vovachesss won by resignation"]

1. c4 d6 2. Nc3 Nf6 3. d4 Bf5 4. g3 e5 5. Nf3 exd4 6. Nxd4 Bg6 7. Bg2 c6 8. O-O Be7 9. e4 O-O 10. f4 h6 11. g4 Nbd7 12. Be3 Re8 13. Nf5 Bf8 14.
Bf2 Nc5 15. Re1 Ne6 16. Qf3 Qa5 17. Rad1 Rad8 18. h3 Qc7 19. a3 Nd7 20. h4 Nb6 21.
b3 Nc5 22. b4 Ne6 23. Bf1 Rd7 24. h5 Bh7 25. Rd2 g6 26. Ng3 Bg7 27. Nd1 g5 28. f5 Nf4 29. Nc3 Rdd8 30. Red1 Nd7 31. Nge2 Ne5 32. Qg3 Nxc4 33. Ra2 Nxe2+ 34. Bxe2 Ne5 35. Rad2 Re7 36. Bd4 Red7 37. Kg2 a6 38. Qf2 Bf6 39.
Bb6 Qc8 40. Bxd8 Qxd8 41. Na4 Qe7 42. Nb6 Rd8 43. Qe3 Bg7 44. Nc4 Nxc4 45. Bxc4 Be5 46.
Be2 Kg7 47. Rd3 f6 48. Bf3 Bg8 49. Rc1 Rd7 50. Rc2 Bf7 51. a4 Qf8 52. b5 axb5 53.
axb5 c5 54. Ra3 Bd4 55. Qd2 Qe7 56. Ra8 Qe5 57. b6 c4 58. Rc8 Bxb6 59. Qb4 Qd4 60. Qe1 Bc5 61. Rd2 Qe5 62. Qg3 Qc3 63. Rd1 b5 64.
Kh3 Re7 65. Rxc5 dxc5 66. e5 Qxe5 67. Qxe5 Rxe5 68. Rd7 c3 69. Bd1 c4 70. Rb7 Rd5 71. Bf3 Rd3 72. Kg3 c2 0-1

[Event "*** Titled Tuesday Blitz"]
[Site "Chess.com"]
[Date "2020.04.21"]
[Round "2"]
[White "vanea_03"]
[Black "MFBerna"]
[Result "1/2-1/2"]
[WhiteElo "2646"]
[BlackElo "2359"]
[TimeControl "180+1"]
[EndTime "10:19:20 PDT"]
[Termination "Game drawn - insufficient material"]

1. d4 d5 2. c4 c6 3. cxd5 cxd5 4. Bf4 Nf6 5. e3 Nc6 6. Nc3 Bf5 7. Rc1 a6 8. Nf3 e6 9. Qb3 Bb4 10. Ne5 Qa5 11.
a3 Bxc3+ 12. Qxc3 Qxc3+ 13. Rxc3 Ne4 14. Rc1 Nxe5 15. Bxe5 O-O 16. f3 Nf6 17. g4 Bg6 18. h4 h5 19. g5 Nd7 20. Bc7 Rac8 21. Kd2 Nb8 22. Be2 Nc6 23. Bb6 e5 24. dxe5 Nxe5 25. b3 Rfe8 26. Rxc8 Rxc8 27. Rc1 Rxc1 28. Kxc1 f6 29.
gxf6 gxf6 30. Kd2 Kf7 31. Kc3 Ke6 32. a4 Be8 33. Bc7 Nd7 34. Kd4 Ne5 35. Kc5 Nd7+ 36.
Kd4 Ne5 37. f4 Ng4 38. Bf3 Bc6 39. b4 Kd7 40. Bb8 Bxa4 41. Bxd5 Bc6 42. Bf7 Nh2 43.
Bxh5 Nf3+ 44. Kc5 Nxh4 45. Bg4+ f5 46. Be2 Ng2 47. Kd4 Ne1 48. Ba7 Nc2+ 49. Kc3 Ne1 50. Bc5 Bb5 51. Bh5 Ke6 52. Bg6 Bc6 53. Bh7 Be4 54. Bg8+ Kd7 55. Kd4 Nc2+ 56. Ke5 Kc6 57. Be6 a5 58. Bxf5 Bxf5 59. Kxf5 a4 60. Bf8 Kb5 61. Ke6 Nxe3 62. f5 Nxf5 63. Kxf5 a3 64. Ke4 Kc4 65. b5 a2 66. Bg7 Kxb5 67. Kd3 Ka4 68.
Kc2 Ka3 69. Bf8+ Ka4 70. Kb2 a1=Q+ 71. Kxa1 Kb5 72. Kb2 Kc4 73. Kc2 b5 74. Kb2 b4 75.
Bxb4 1/2-1/2

[Event "*** Titled Tuesday Blitz"]
[Site "Chess.com"]
[Date "2020.04.21"]
[Round "2"]
[White "Mikhail_Biryukov"]
[Black "2165149677570"]
[Result "1-0"]
[WhiteElo "2652"]
[BlackElo "2324"]
[TimeControl "180+1"]
[EndTime "10:19:21 PDT"]
[Termination "Mikhail_Biryukov won by resignation"]

1. e4 c5 2. Nf3 d6 3. c3 Nf6 4. Bb5+ Nc6 5. d3 Bd7 6. O-O g6 7. Re1 Bg7 8. d4 O-O 9. d5 Ne5 10. Bxd7 Qxd7 11. Nxe5 dxe5 12. Nd2 b5 13. a4 a6 14. Nf3 Nh5 15. Be3 c4 16. Bc5 Rfc8 17. Ba3 e6 18. axb5 axb5 19. dxe6 Qxe6 20. Qd5 Nf4 21. Qxb5 Qg4 22. g3 Nh3+ 23. Kg2 Nf4+ 24. Kg1 Qxf3 25. gxf4 Bh6 26. Re3 Qxf4 27. Qd7 Rd8 28.
Qh3 Qg5+ 29. Qg3 Qxg3+ 30. Rxg3 Bf4 31. Rf3 Rd2 32. Kf1 Bxh2 33. Ke1 Rd7 34. Rf6 Bf4 35. Rd1 Rxd1+ 36. Kxd1 h5 37. Ke2 Kg7 38. Rc6 h4 39. Kf3 h3 40. Rd6 Rh8 41. Rd1 f5 42. exf5 gxf5 43.
Rg1+ Kf6 44. Rd1 Kg5 45. Rg1+ Kh4 46. Be7+ Kh5 47. Bf6 Re8 48. Rd1 Rb8 49. Rb1 h2 50. Kg2 Kg4 51. f3+ Kh5 52. Be7 Rb7 53. Ba3 Kg6 54.
Rd1 Kf7 55. Rd6 Rb5 56. Bb4 Bc1 57. Kxh2 Bxb2 58. Rc6 Bc1 59. Rxc4 Bf4+ 60. Kg2 Ke6 61. Rc8 Rb7 62. Re8+ Kd5 63. Rf8 Ke6 64. Kf2 Ra7 65. Re8+ Kd5 66. Rd8+ Ke6 67. Rd6+ Kf7 68. Rd1 Ra2+ 69. Kf1 Rh2 70. Rd7+ Ke6 71. Rd6+ Kf7 72. c4 Rc2 73. c5 Rb2 74. Be1 e4 75. fxe4 fxe4 76.
Rd4 Rb1 77. Rxe4 Bg3 78. c6 Rxe1+ 79. Rxe1 Bxe1 80. c7 1-0

[Event "*** Titled Tuesday Blitz"]
[Site "Chess.com"]
[Date "2020.04.21"]
[Round "2"]
[White "SahaNeelash"]
[Black "Igrok3069"]
[Result "0-1"]
[WhiteElo "2530"]
[BlackElo "2775"]
[TimeControl "180+1"]
[EndTime "10:19:25 PDT"]
[Termination "Igrok3069 won by resignation"]

1. d4 d5 2. Bf4 c5 3. e3 Nc6 4. c3 cxd4 5. exd4 Bf5 6. Bd3 Qd7 7. Nf3 Bxd3 8. Qxd3 e6 9. O-O Nge7 10. Nbd2 Ng6 11. Bg3 h5 12. Nh4 Nxh4 13. Bxh4 Be7 14. Bxe7 Nxe7 15. Nf3 Ng6 16. Rfe1 O-O-O 17. Ne5 Nxe5 18.
dxe5 h4 19. h3 Kb8 20. Qd4 Rc8 21. Rad1 Qe7 22. Qg4 g6 23. Rd4 Rh5 24. Kh1 Rf5 25.
Re2 Qc7 26. Qxh4 Rxe5 27. Rxe5 Qxe5 28. Qf4 Qxf4 29. Rxf4 f5 30. Rd4 Kc7 31. f4 Kd6 32.
Kg1 Rc6 33. Kf2 Ra6 34. a3 Rc6 35. Ke3 Rc7 36. Kd2 Rh7 37. Rd3 Rh4 38. Rf3 Ke7 39.
Ke3 Kf6 40. Rg3 b6 41. Rf3 g5 42. fxg5+ Kxg5 43. Rg3+ Kf6 44. Kd2 Rf4 45. Ke2 Re4+ 46.
Kd2 Kf7 47. Rf3 Rh4 48. Kd3 Kf6 49. g4 Rh8 50. gxf5 e5 51. Ke3 Rh4 52. b3 b5 53.
Rg3 Kxf5 54. Rf3+ Ke6 55. Rg3 a5 56. Rg6+ Kf5 57. Rg3 a4 58. b4 Rc4 59. Ke2 d4 60. cxd4 exd4 61. Kd2 Ke4 62. Rg4+ Ke5 63. Rg5+ Ke4 64.
Rxb5 Rc3 65. Rg5 Rxa3 66. Rg4+ Kd5 67. b5 Rb3 68. h4 Kc4 69. h5 Rxb5 70. Rh4 a3 71.
Kc2 a2 72. Rh1 d3+ 73. Kd2 Rb2+ 74. Ke3 Rb1 0-1

[Event "*** Titled Tuesday Blitz"]
[Site "Chess.com"]
[Date "2020.04.21"]
[Round "2"]
[White "INLOVEWITHF"]
[Black "YaWaleriy"]
[Result "0-1"]
[WhiteElo "2541"]
[BlackElo "2249"]
[TimeControl "180+1"]
[EndTime "10:19:26 PDT"]
[Termination "YaWaleriy won by resignation"]

1. d4 d5 2. c4 e6 3. Nf3 Be7 4. g3 Nf6 5. Bg2 O-O 6. O-O c6 7. Qc2 Nbd7 8. b3 b6 9. Rd1 Bb7 10. Bb2 Rc8 11. Nbd2 Re8 12. e4 dxe4 13. Nxe4 Nxe4 14.
Qxe4 Nf6 15. Qe2 Qc7 16. Ne5 Rcd8 17. Rac1 c5 18. Bxb7 Qxb7 19. dxc5 Bxc5 20. Rxd8 Rxd8 21. Rd1 Rxd1+ 22. Qxd1 Qc7 23. Qd3 Bd6 24. Nf3 Be7 25. Be5 Qd7 26. Qe2 h6 27. h3 Qc6 28. Qd3 Nd7 29.
Bb2 Nc5 30. Qe2 Qd6 31. Kg2 Nd3 32. Bd4 Nc5 33. Bc3 Nd7 34. Nd4 Bf6 35. Nb5 Qc6+ 36.
Qf3 Qxf3+ 37. Kxf3 Bxc3 38. Nxc3 Kf8 39. b4 Ke7 40. Ke4 f5+ 41. Kd4 a6 42. c5 bxc5+ 43.
bxc5 Nb8 44. f4 Nc6+ 45. Kc4 g5 46. Ne2 Kf6 47. Nd4 Ne7 48. c6 e5 49. fxe5+ Kxe5 50. Kc5 f4 51. gxf4+ gxf4 52. c7 Ke4 53. Kd6 Nc8+ 54.
Kc6 Kxd4 55. Kd7 Nb6+ 56. Kc6 Nd5 57. c8=N f3 58. Nd6 Nb4+ 59. Kb6 f2 60. Nf5+ Kd3 61. Ng3 Nxa2 62. Kxa6 Ke3 63. Kb6 Kf3 64. Nf1 Nc3 65. Kc6 Ne4 66. Kd5 Ng3 67. Nh2+ Kg2 68. Ng4 f1=Q 69.
Ne3+ Kf2 70. Nxf1 Kxf1 71. h4 h5 72. Ke5 Kg2 73. Kf4 Kh3 74. Kg5 Kh2 75. Kf4 Kg2 76.
Kg5 Kf3 77. Kg6 Kf4 78. Kf6 Kg4 0-1

[Event "*** Titled Tuesday Blitz"]
[Site "Chess.com"]
[Date "2020.04.21"]
[Round "2"]
[White "GM4life"]
[Black "tacticthunder"]
[Result "1/2-1/2"]
[WhiteElo "2182"]
[BlackElo "2621"]
[TimeControl "180+1"]
[EndTime "10:19:27 PDT"]
[Termination "Game drawn by repetition"]

1. e4 c5 2. Nf3 Nc6 3. d4 cxd4 4. Nxd4 Nf6 5. Nc3 d6 6. Bg5 e6 7. Qd2 a6 8. O-O-O Be7 9. f4 Nxd4 10. Qxd4 b5 11.
Be2 Bb7 12. Bf3 O-O 13. Rhe1 Rc8 14. e5 Bxf3 15. exf6 gxf6 16. gxf3 fxg5 17. Rg1 d5 18.
h4 Rc4 19. Qe3 Bc5 20. Qe5 Bxg1 21. Rxg1 f6 22. Qxe6+ Kh8 23. fxg5 Qc8 24. Qxd5 Qc5 25. Qxc5 Rxc5 26. Ne4 Rf5 27. gxf6 Rxf3 28. Kd2 Rf4 29. Ke3 Rxh4 30. Rd1 Re8 31. Rd4 Kg8 32. Kd3 Kf8 33. Nd6 Rxd4+ 34. Kxd4 Re6 35. Ne4 Rc6 36. c3 Kf7 37.
Ke5 h6 38. Nd6+ Rxd6 39. Kxd6 Kxf6 40. b3 h5 41. c4 bxc4 42. bxc4 h4 43. c5 h3 44. c6 h2 45. c7 h1=Q 46. c8=Q Qd1+ 47. Kc7 Qc2+ 48. Kb8 Qxa2 49. Qc3+ Ke6 50. Qc6+ Ke5 51.
Ka7 a5 52. Qc5+ Ke4 53. Qe7+ Kd3 54. Qd7+ Kc2 55. Ka6 a4 56. Ka5 a3 57. Qf5+ Kb2 58.
Qf2+ Ka1 59. Qe1+ Qb1 60. Qe5+ Qb2 61. Qe1+ Ka2 62. Qe6+ Qb3 63. Qe2+ Kb1 64. Qe1+ Kb2 65. Qd2+ Qc2 66. Qg5 a2 67. Qb5+ Qb3 68. Qe2+ Qc2 69.
Qb5+ Ka1 70. Qe5+ Kb1 71. Qb5+ Kc1 72. Qf1+ Kd2 73. Qf2+ Kc3 74. Qf6+ Kb3 75. Qb6+ Kc3 76. Qc6+ Kd3 77. Qg6+ Kd2 78. Qg2+ Kc1 79. Qf1+ Kb2 80. Qb5+ 1/2-1/2

[Event "*** Titled Tuesday Blitz"]
[Site "Chess.com"]
[Date "2020.04.21"]
[Round "2"]
[White "Hangar-18"]
[Black "DrBergerBerger"]
[Result "0-1"]
[WhiteElo "2215"]
[BlackElo "2450"]
[TimeControl "180+1"]
[EndTime "10:19:28 PDT"]
[Termination "DrBergerBerger won by checkmate"]

1. b3 Nf6 2. Nf3 g6 3. Bb2 Bg7 4. g3 O-O 5. Bg2 c5 6. O-O d5 7. c4 Nc6 8. cxd5 Nxd5 9. Bxg7 Kxg7 10. Na3 e5 11. Qc1 b6 12. Qc4 Be6 13. Qc1 f6 14.
Qb2 Rc8 15. Rac1 Qd7 16. Rfd1 Rfd8 17. d3 Bh3 18. Bh1 Nd4 19. e3 Nxf3+ 20. Bxf3 Nb4 21. d4 Qf5 22. Qe2 e4 23. Bg2 cxd4 24.
Rxc8 Rxc8 25. Bxh3 Qxh3 26. exd4 Qe6 27. Nc4 Nd5 28. Re1 f5 29. f3 Re8 30. fxe4 Nc3 31. Qe3 Nxe4 32. Ne5 Qd5 33. Rc1 Re7 34. Rc8 Nf6 35. Qf4 Qe6 36. Rc1 Ne4 37. Qe3 Qd5 38. h4 Qd6 39. h5 Rc7 40. Rxc7+ Qxc7 41. h6+ Kg8 42. Kh2 Qc2+ 43. Kh3 Qd1 44. Qf3 Qxf3 45. Nxf3 Kf7 46. g4 Ke6 47. gxf5+ Kxf5 48. Kg2 Kf4 49. Ne5 Ng5 50. Nd3+ Ke3 51. d5 Kd4 52. d6 Kxd3 53. d7 Nf7 54. Kf3 Nd8 55. Kf4 Kd4 56. Kg5 Ke5 57. b4 Ke6 58. b5 Ke7 59. a3 Ke6 60. a4 Ke7 61. Kf4 Kxd7 62. Ke5 Ke7 63. Kd5 Nf7 64. Kc6 Kd8 65. Kb7 Nxh6 66. Kxa7 g5 67. Kxb6 g4 68. a5 g3 69. a6 g2 70. a7 g1=Q+ 71. Kb7 Qg2+ 72. Kb8 Qg3+ 73. Kb7 Qf3+ 74. Kb8 Qf4+ 75. Kb7 Qe4+ 76. Kb8 Qe5+ 77. Kb7 Qxb5+ 78. Ka8 Qc6+ 79. Kb8 Qc7+ 80. Ka8 Qc8# 0-1

[Event "*** Titled Tuesday Blitz"]
[Site "Chess.com"]
[Date "2020.04.21"]
[Round "2"]
[White "Kaua18"]
[Black "Nayemhaque22"]
[Result "1-0"]
[WhiteElo "2219"]
[BlackElo "2383"]
[TimeControl "180+1"]
[EndTime "10:19:37 PDT"]
[Termination "Kaua18 won by checkmate"]

1. e4 e5 2. Nf3 Nc6 3. d4 exd4 4. Bc4 d6 5. Nxd4 Nf6 6. Nc3 Be7 7. O-O O-O 8. f4 Nxe4 9. Nxe4 d5 10. Nxc6 bxc6 11. Bd3 dxe4 12. Bxe4 Bc5+ 13. Kh1 Bb7 14. Qh5 f5 15.
Bxf5 Rxf5 16. Qxf5 Bd6 17. Be3 Qh4 18. Qg5 Qxg5 19. fxg5 Re8 20. Rae1 Ba6 21. Rg1 c5 22. Bd2 Rb8 23. b3 Bb5 24. c4 Bc6 25. Re2 Rf8 26.
Rge1 Rf5 27. Kg1 Kf7 28. Be3 Kg6 29. h4 Bg3 30. Rf1 Re5 31. Rf8 Bxh4 32. Rc8 Bxg5 33. Rxc7 Bxe3+ 34. Rxe3 Rxe3 35. Rxc6+ Kf5 36. Rxc5+ Kf4 37.
Rc7 g5 38. Kh2 g4 39. Rf7+ Kg5 40. Rxh7 Re1 41. Rg7+ Kf4 42. Rf7+ Kg5 43. Kg3 Re3+ 44. Kf2 Rc3 45. Rxa7 g3+ 46. Ke2 Kf4 47. Rf7+ Ke4 48.
Re7+ Kf4 49. Rd7 Rc2+ 50. Rd2 Rc1 51. Kd3 Rf1 52. a4 Rb1 53. Kc3 Ke3 54. Rc2 Rf1 55.
c5 Rf2 56. c6 Rxc2+ 57. Kxc2 Kf2 58. c7 Kxg2 59. c8=Q Kh2 60. Qg4 g2 61. a5 g1=Q 62.
Qxg1+ Kxg1 63. a6 Kf2 64. a7 Ke3 65. a8=Q Kf4 66. Qc6 Ke5 67. b4 Kf4 68. b5 Ke3 69. b6 Kd4 70. b7 Ke3 71. b8=Q Ke2 72. Qd8 Kf2 73. Qcf6+ Ke2 74. Qe6+ Kf2 75. Qf8+ Kg3 76. Qg6+ Kh3 77. Qh8# 1-0

[Event "*** Titled Tuesday Blitz"]
[Site "Chess.com"]
[Date "2020.04.21"]
[Round "2"]
[White "FairChess_on_YouTube"]
[Black "Gentlejimmy7"]
[Result "1-0"]
[WhiteElo "3044"]
[BlackElo "2611"]
[TimeControl "180+1"]
[EndTime "10:19:41 PDT"]
[Termination "FairChess_on_YouTube won on time"]

1. e4 e5 2. Nf3 Nc6 3. Bb5 a6 4. Ba4 Nf6 5. O-O b5 6. Bb3 Be7 7. Re1 O-O 8. d4 d6 9. c3 Bg4 10. d5 Na5 11. Bc2 c6 12. h3 Bh5 13. dxc6 Qc7 14. Nbd2 Qxc6 15. Nf1 Nc4 16. Ng3 Bg6 17. Nh4 Rfe8 18. Nhf5 Bf8 19. a4 Rad8 20. axb5 axb5 21. Nh4 d5 22. Nxg6 hxg6 23. Qf3 d4 24. Bb3 Ra8 25.
Rxa8 Rxa8 26. cxd4 exd4 27. Rd1 Ra1 28. Bf4 Rxd1+ 29. Qxd1 Bc5 30. Qe2 Qe6 31. e5 Nd5 32. Bxc4 bxc4 33. Qxc4 Nxf4 34. Qxc5 d3 35. Qd4 g5 36. Kh2 Qb3 37. Qd8+ Kh7 38. Qxg5 d2 39. Qh4+ Kg8 40. Qd8+ Kh7 41. Qxd2 Nd3 42. Qe3 Qd5 43. Qe4+ Qxe4 44. Nxe4 Nxb2 45. e6 fxe6 46. Ng5+ Kg6 47. Nxe6 Nd3 48. Kg3 Kf6 49. Nf4 Ne5 50. Nh5+ Kg6 51.
Nf4+ Kf5 52. Nd5 g5 53. Ne3+ Kg6 54. h4 gxh4+ 55. Kxh4 Nd3 56. f3 Nf4 57. g4 Nd3 58. Ng2 Ne5 59. f4 Nf3+ 60. Kg3 Nd4 61. Ne3 Ne2+ 62.
Kf3 Nd4+ 63. Ke4 Nc6 64. Nc4 Ne7 65. Ne5+ Kf6 66. g5+ Ke6 67. Nf3 Nc8 68. f5+ Kf7 69. Ke5 Ne7 70. Nd4 Nc8 71. Nb5 Nb6 72. Nd6+ Kg7 73. Ke6 Kf8 74. f6 Na8 75. Nb5 Nb6 76. g6 Nc4 77. Nd6 Nb6 78. Nf5 Nc4 79. g7+ Kg8 80. Ne7+ 1-0

[Event "*** Titled Tuesday Blitz"]
[Site "Chess.com"]
[Date "2020.04.21"]
[Round "2"]
[White "Onwgs"]
[Black "Chessalary"]
[Result "1-0"]
[WhiteElo "2477"]
[BlackElo "2254"]
[TimeControl "180+1"]
[EndTime "10:19:44 PDT"]
[Termination "Onwgs won by resignation"]

1. e4 e6 2. d4 d5 3. Nd2 c5 4.
exd5 exd5 5. Ngf3 Nc6 6. Bb5 Nf6 7. O-O Be7 8. dxc5 O-O 9. Nb3 Ne4 10. Bxc6 bxc6 11.
Nbd4 Qc7 12. Re1 Bxc5 13. c3 Bg4 14. h3 Bxf3 15. Qxf3 Bxd4 16. cxd4 Rfe8 17. Be3 Rab8 18. b3 a5 19. Rac1 a4 20. bxa4 Ra8 21. Qh5 Rxa4 22. Qxd5 cxd5 23. Rxc7 Rxa2 24. Rb1 Nd6 25. Rd7 Nf5 26.
Rbb7 Ra1+ 27. Kh2 Nxe3 28. fxe3 Rf1 29. Re7 Kf8 30. Rxe8+ Kxe8 31. Rb5 Re1 32. Rb3 Ke7 33. Kg3 Ke6 34. Kf3 Rf1+ 35. Ke2 Ra1 36. Rb6+ Kf5 37.
Rb7 Ke6 38. Kf3 Rf1+ 39. Ke2 Ra1 40. Kf2 Ra2+ 41. Kf3 Ra1 42. Rb6+ Kf5 43. g4+ Kg5 44. Rd6 Ra5 45. Kg3 f6 46. h4+ Kg6 47. Kf4 Rb5 48.
Rd7 Ra5 49. Kg3 Ra3 50. Re7 Ra5 51. h5+ Kh6 52. Re6 Ra1 53. Rd6 Ra5 54. Kh4 g5+ 55. Kg3 Kg7 56. Rd7+ Kh6 57. Rf7 Ra6 58. Kf3 Rd6 59. Re7 Rc6 60. Rf7 Rd6 61. e4 dxe4+ 62.
Kxe4 Re6+ 63. Kf5 Rd6 64. Ke4 Re6+ 65. Kd5 Ra6 66. Kc5 Ra5+ 67. Kb4 Rd5 68. Kc4 Rd6 69. d5 Ra6 70. Kc5 Ra1 71. d6 Rc1+ 72. Kb6 Ra1 73.
d7 Rb1+ 74. Kc7 Rc1+ 75. Kd8 Rc6 76. Ke8 Rd6 77. d8=Q Rxd8+ 78. Kxd8 f5 79. Rxf5 Kg7 80.
Rxg5+ Kh6 81. Rb5 Kg7 82. g5 Kh8 83. Ke7 Kg7 84. Rb6 h6 85. gxh6+ Kh7 86. Kf7 Kh8 87.
Kg6 1-0

[Event "*** Titled Tuesday Blitz"]
[Site "Chess.com"]
[Date "2020.04.21"]
[Round "2"]
[White "DinaBelenkaya"]
[Black "yoolund"]
[Result "0-1"]
[WhiteElo "2211"]
[BlackElo "2557"]
[TimeControl "180+1"]
[EndTime "10:20:00 PDT"]
[Termination "yoolund won by checkmate"]

1. e4 g6 2. d4 Bg7 3. Nc3 d6 4. f4 a6 5. Nf3 b5 6. a3 Nd7 7.
Be3 Bb7 8. d5 c5 9. Qd2 Qc7 10. Nd1 Ngf6 11. Nf2 O-O 12. c3 Rfe8 13.
Be2 e6 14. dxe6 Rxe6 15. Ng5 Re7 16. Bf3 h6 17. Ngh3 Rae8 18. O-O Nxe4 19. Nxe4 Bxe4 20. Rae1 Bxf3 21. Rxf3 Nf6 22. Nf2 Ne4 23. Nxe4 Rxe4 24. Bf2 Rxe1+ 25. Bxe1 Qe7 26. Bf2 Qe2 27. Rd3 Qxd2 28.
Rxd2 Re6 29. Kf1 Kf8 30. g4 Ke7 31. Bh4+ Kd7 32. Kf2 Kc6 33. Re2 Kd5 34. Rd2+ Kc4 35. f5 gxf5 36. gxf5 Re5 37. Rxd6 Rxf5+ 38. Ke3 Kb3 39. Rxa6 Kxb2 40. Rb6 c4 41. a4 Bf8 42. Rxb5+ Rxb5 43. axb5 Kxc3 44. Bf6+ Kb4 45. b6 Kc5 46. b7 Bd6 47. Bd8 Kc6 48. Kd4 Kxb7 49. Kxc4 Kc6 50. h3 Kd7 51. Bh4 Ke6 52. Kd4 Kf5 53.
Ke3 Bc5+ 54. Kf3 Bd6 55. Bd8 f6 56. Bb6 Be5 57. Bf2 Kg5 58. Be1 Kf5 59. Bf2 Kg6 60. Be1 Kh7 61. Kg4 Kg7 62. Kf5 Kf7 63. Bf2 h5 64. Be1 Kg7 65. Bf2 Kf7 66. Be1 Bd4 67. Bf2 Bxf2 68. Kf4 Bb6 69. Kf5 Bc7 70. h4 Be5 71.
Ke4 Kg7 72. Kf3 Kh6 73. Ke4 Kg6 74. Kf3 f5 75. Ke3 Kf6 76. Kf3 Ke6 77. Ke3 Kd5 78.
Kf3 Kd4 79. Kg2 Ke4 80. Kh3 Kf4 81. Kg2 Kg4 82. Kh1 Kxh4 83. Kg2 Kg5 84. Kf3 f4 85. Kg2 Kf5 86. Kh3 Ke4 87. Kg2 Ke3 88. Kh1 f3 89. Kg1 Ke2 90. Kh1 f2 91. Kg2 f1=Q# 0-1